 Dungeon Crawl Stone Soup version 0.26.1-10-gdfb7c7de75 (webtiles) character file.

Game seed: 14748627033463579218

74 ytrimaz the Skirmisher (level 4, 0/40 HPs)
             Began as a Hill Orc Fighter on Apr 3, 2021.
             Slain by Crazy Yiuf
             ... wielding a +3 quarterstaff of chaos
              (8 damage)
             ... on level 2 of the Dungeon.
             The game lasted 00:02:42 (1908 turns).

ytrimaz the Skirmisher (Hill Orc Fighter)           Turns: 1908, Time: 00:02:43

Health: 0/40       AC:  7    Str: 19    XL:     4   Next: 28%
Magic:  4/4        EV:  7    Int:  8    God:
Gold:   145        SH:  9    Dex: 10    Spells: 3/3 levels left

rFire    . . .     SeeInvis .   a - +0 war axe
rCold    . . .     Faith    .   c - +0 kite shield
rNeg     . . .     Spirit   .   b - +0 scale mail
rPois    .         Reflect  .   (no helmet)
rElec    .         Harm     .   (no cloak)
rCorr    .         Rampage  .   (no gloves)
Will     .....                  (no boots)
Stlth    ..........             j - amulet of inaccuracy (curse)
HPRegen  0.13/turn              (no ring)
MPRegen  0.09/turn              (no ring)

@: lethally poisoned (0 -> -6), slowed, very slow
A: no striking features
a: no special abilities


You were on level 2 of the Dungeon.
You visited 1 branch of the dungeon, and saw 2 of its levels.

You collected 145 gold pieces.

Inventory:

Hand Weapons
 a - a +0 war axe (weapon)
Armour
 b - a +0 scale mail (worn)
 c - a +0 kite shield (worn)
Jewellery
 j - a cursed amulet of inaccuracy (around neck)
 l - an uncursed ring of flight {unknown}
Scrolls
 g - a scroll of fog {unknown}
 h - 2 scrolls of remove curse {unknown}
 k - 2 scrolls of identify
Potions
 d - a potion of might
 e - a potion of lignification {unknown}
 f - a potion of flight
 i - 2 potions of attraction {unknown}
 m - 2 potions of curing {unknown}


   Skills:
 + Level 4.2 Fighting
 + Level 3.5 Axes
 + Level 3.9 Armour
 + Level 4.1 Shields


You had 3 spell levels left.
You didn't know any spells.
Your spell library was empty.

Dungeon Overview and Level Annotations

Branches:
Dungeon (2/15)

Altars:
Okawaru

Annotations:
D:2 Crazy Yiuf


Message History

Crazy Yiuf is severely wounded.
You feel sick. Crazy Yiuf barely misses you.
Crazy Yiuf hits you but does no damage.
You are more poisoned.
You barely miss Crazy Yiuf.
Crazy Yiuf is severely wounded.
You feel sick. You block Crazy Yiuf's attack.
You hit Crazy Yiuf but do no damage.
Crazy Yiuf is severely wounded.
* * * LOW HITPOINT WARNING * * *
You feel very sick. You block Crazy Yiuf's attack.
Crazy Yiuf barely misses you.
Crazy Yiuf whimpers, "Powder!"
You block Crazy Yiuf's attack.
You feel sick.
You feel sick.
You feel sick.
Crazy Yiuf screams, "Two hand horse!"
Crazy Yiuf hits you with a +3 quarterstaff of chaos!
You die...

### ####### #.. #..)..# #.#
### ########.# #.# #)..###
##....###.####..
#...'.####...............
#...##.g#......###.###..#
### ###@#.......#.#.....
#######...........
###.#.#.#..# ########
###.....#....#
#......######'###.######.#
#.####............#....#.#
###.####............##.#'#.#
#..................###......
#.......>...................


You could see Crazy Yiuf.

Vanquished Creatures
  A hound zombie (D:2)
  An ooze (D:2)
  2 dart slugs
  4 leopard geckos
  5 bats
  2 giant cockroaches (D:2)
  5 goblins
  2 hobgoblins
  9 jackals
  A ball python (D:2)
  5 frilled lizards
  6 kobolds
  2 rats (D:1)
45 creatures vanquished.

Notes
Turn   | Place    | Note
-------+----------+-------------------------------------------
     0 | D:1      | ytrimaz the Hill Orc Fighter began the quest for the Orb.
     0 | D:1      | Reached XP level 1. HP: 19/19 MP: 1/1
   206 | D:1      | Reached XP level 2. HP: 27/27 MP: 2/2
   446 | D:1      | Reached XP level 3. HP: 22/33 MP: 3/3
   937 | D:2      | Found a faded altar of an unknown god.
  1197 | D:2      | Found an iron altar of Okawaru.
  1239 | D:2      | Reached XP level 4. HP: 17/40 MP: 4/4
  1861 | D:2      | Found a runed translucent door.
  1862 | D:2      | Noticed Crazy Yiuf
  1908 | D:2      | Slain by Crazy Yiuf

Illustrated notes

Levels and vault maps discovered:
D:1:      dpeg_arrival_chambers_temple_mockup, layout_basic,
          grunt_decor_arrowhead, st_stairs_1
D:2:      layout_basic, chequers_ecumenical_altar_twisty,
          okawaru_ov_weapons_minmay, uniq_crazy_yiuf_cottage

Skill      XL: |  1  2  3 |
---------------+----------+-----
Axes           | 3 |  3.5
Fighting       | 4 |  4.2
Shields        | 4 |  4.1
Armour         | |  3.9

Action                   |  1- 3 |  4- 6 || total
-------------------------+-------+-------++-------
Melee: War axe           |   132 |    58 ||   190
  Use: Scroll            |     2 |       ||     2
Armor: Scale mail        |    68 |    42 ||   110
Dodge: Dodged            |    39 |    30 ||    69
Block: Kite shield       |    98 |    42 ||   140
